 Dungeon Crawl Stone Soup version 0.17.2-1-ge4368a0 (webtiles) character file.

358 wutend the Skirmisher (level 6, 0/45 HPs)
             Began as an Octopode Fighter on Aug 12, 2016.
             Was an Initiate of Dithmenos.
             Slain by a hound (5 damage)
             ... on level 4 of the Dungeon.
             The game lasted 00:13:00 (3596 turns).

wutend the Skirmisher (Octopode Fighter)            Turns: 3596, Time: 00:13:01

Health: 0/45       AC:  7    Str: 15    XL:     6   Next: 64%
Magic:  15/15      EV: 10    Int: 11    God:    Dithmenos [......]
Gold:   202        SH:  8    Dex: 13    Spells: 0 memorised, 5 levels left

rFire  . . .     SeeInvis .     w - +0 long sword (protect)
rCold  . . .     Clarity  .     b - +0 shield
rNeg   . . .     SustAt   .     q - +1 hat
rPois  +         Gourm    .     i - amulet of stasis
rElec  .         Spirit   .     e - ring of poison resistance
rCorr  .         Warding  .     r - ring of stealth
rMut   .         Stasis   +     s - ring of magical power
MR     .....                    (no ring)
Stlth  +++++.....               (no ring)
                                (no ring)
                                (no ring)
                                (no ring)

@: not resistant to hostile enchantments, quite stealthy
A: almost no armour, amphibious, 8 rings, constrict 8, camouflage 1, gelatinous
body 1
a: Renounce Religion


You were on level 4 of the Dungeon.
You worshipped Dithmenos.
Dithmenos was noncommittal.
You were not hungry.

You visited 1 branch of the dungeon, and saw 5 of its levels.

You collected 202 gold pieces.

Inventory:

Hand Weapons
 a - a +0 long sword
 t - a +1 vampiric falchion
 w - a +0 long sword of protection (weapon)
Missiles
 x - 2 javelins (quivered)
Armour
 b - a +0 shield (worn)
 q - a +1 hat (worn)
Jewellery
 e - a ring of poison resistance (left tentacle)
 i - an amulet of stasis (around mantle)
 r - a ring of stealth (right tentacle)
 s - a ring of magical power (on tentacle)
Wands
 u - a wand of digging (8)
Scrolls
 g - 2 scrolls of teleportation
 h - 5 scrolls of remove curse
 n - a scroll of identify
Potions
 c - a potion of might
 f - a potion of haste
 j - a potion of agility
 l - a potion of flight {unknown}
 o - 2 potions of invisibility
Comestibles
 d - 4 bread rations
 k - a meat ration
 m - a beef jerky
 p - 10 fruits
 z - a slice of pizza


   Skills:
 + Level 4.8 Fighting
 + Level 4.4 Long Blades
 - Level 3.0 Dodging
 + Level 4.8 Stealth
 - Level 3.0 Shields


You had 5 spell levels left.
You didn't know any spells.

Dungeon Overview and Level Annotations

Branches:
Dungeon (5/15)
 Temple: D:4-7

Altars:
Dithmenos
Elyvilon


Innate Abilities, Weirdness & Mutations

You cannot wear most types of armour.
You are amphibious.
You can wear up to eight rings at the same time.
You can use your tentacles to constrict eight enemies at once.
Your skin changes colour to match your surroundings (Stealth).
Your rubbery body absorbs attacks (AC +1).


Message History

You block the giant gecko's attack.
A jackal comes into view.
There is a stone staircase leading up here.
You block the hound's attack. The giant gecko bites you.
* * * LOW HITPOINT WARNING * * *
The hound bites you but does no damage.
You climb upwards.
There is a stone staircase leading down here.
You barely miss the hound. Your grab misses the hound.
Your squeeze misses the hound.
The hound is severely wounded.
You block the giant gecko's attack. The hound bites you but does no damage.
The giant gecko closely misses you. You block the hound's attack.
You miss the hound. Your grab misses the hound. Your squeeze misses the hound.
The hound is severely wounded.
The hound bites you but does no damage. The giant gecko closely misses you.
You miss the hound. Your grab misses the hound.
The hound is severely wounded.
The hound bites you.
You die...

#####.##...#.....................
...........#.....................
...........+.....................
...........#.....................
...........#.....................
...#########.....................
...##.........#'######'###.....##
....'.........#.l........#.....'.
....#.........+.@....<...#.....#.
....#.........#.h........+.....#.
#####.........###'###....#.....##
....................######.......
...[................# #.......
....................# #.......
....................# #..)....
....................# #...)...
....................# #.......


You could see a hound and a giant gecko.

Vanquished Creatures
  An ogre (D:4)
  Ijyb (D:3)
  A worker ant (D:4)
  Natasha (twice) (D:3)
  4 adders
  6 gnolls
  An ooze (D:2)
  3 worms
  2 orcs (D:4)
  10 bats
  6 goblins
  6 hobgoblins
  3 jackals (D:2)
  3 ball pythons
  2 giant geckos
  7 giant newts
  7 kobolds
  9 rats
74 creatures vanquished.

Notes
Turn   | Place    | Note
--------------------------------------------------------------
     0 | D:1      | wutend the Octopode Fighter began the quest for the Orb.
     0 | D:1      | Reached XP level 1. HP: 16/16 MP: 1/1
   210 | D:1      | Reached XP level 2. HP: 21/21 MP: 2/2
   217 | D:1      | Reached skill level 1 in Stealth
   615 | D:2      | Reached XP level 3. HP: 21/26 MP: 3/3
  1020 | D:2      | Reached XP level 4. HP: 30/33 MP: 4/4
  1603 | D:3      | Found a white marble altar of Elyvilon.
  1779 | D:3      | Reached skill level 4 in Fighting
  1838 | D:3      | Reached XP level 5. HP: 37/37 MP: 5/5
  1896 | D:3      | Noticed Ijyb
  1897 | D:3      | Noticed Natasha
  1914 | D:3      | Killed Natasha
  1918 | D:3      | Killed Ijyb
  1919 | D:3      | Noticed Natasha
  1924 | D:3      | Killed Natasha
  2575 | D:4      | Found a shadowy altar of Dithmenos.
  2681 | D:4      | Became a worshipper of Dithmenos the Shadowed
  3150 | D:4      | Reached XP level 6. HP: 44/44 MP: 6/6
  3222 | D:4      | Noticed an ogre
  3232 | D:4      | Killed an ogre
  3583 | D:5      | Entered Level 5 of the Dungeon
  3596 | D:4      | Slain by a hound

Action                   |  1- 3 |  4- 6 || total
-------------------------+-------+-------++-------
Melee: Dagger            |    52 |    88 ||   140
       Long sword        |     3 |    20 ||    23
Evoke: Wand              |       |     2 ||     2
  Use: Scroll            |       |    11 ||    11
 Stab: Sleeping          |    10 |    24 ||    34
       Distracted        |       |     1 ||     1
  Eat: Chunk             |       |     8 ||     8
